 Dungeon Crawl Stone Soup version 0.30-a0-1035-g38d5fb2972 (webtiles) character file.

Game seed: 12965306003595323738

26170 promet the Fighter (level 13, -1/135 HPs)
             Began as an Ogre Wanderer on Apr 8, 2023.
             Was a Believer of Uskayaw.
             Slain by a skyshark (6 damage)
             ... on level 4 of the Lair of Beasts.
             The game lasted 02:40:19 (36052 turns).

promet the Fighter (Ogre Wanderer)                 Turns: 36052, Time: 02:40:19

Health: -1/135     AC: 12    Str: 24    XL:     13   Next: 24%
Magic:  22/22      EV: 12    Int: 13    God:    Uskayaw [**....]
Gold:   1093       SH:  5    Dex: 13    Spells: 11/24 levels left

rFire   . . .      SeeInvis .    a - +7 battleaxe (flame)
rCold   . . .      Faith    .    (shield currently unavailable)
rNeg    . . .      Spirit   .    i - +0 steam dragon scales
rPois   +          Reflect  +    (helmet restricted)
rElec   .          Rampage  .    o - +1 cloak {rPois}
rCorr   .                        (gloves unavailable)
Will    +....                    (boots unavailable)
Stlth   +++                      S - amulet of reflection
HPRegen 0.42/turn                l - +4 ring of protection
MPRegen 0.18/turn                y - +6 ring of strength

@: no status effects
A: large, unfitting armour, tough skin 1, mutation resistance 1
a: Renounce Religion, Stomp, Line Pass


You were on level 4 of the Lair of Beasts.
You worshipped Uskayaw.
Uskayaw was noncommittal.
You visited 2 branches of the dungeon, and saw 15 of its levels.

You collected 1885 gold pieces.
You spent 792 gold pieces at shops.

Inventory:

Hand Weapons
 a - a +7 battleaxe of flaming (weapon)
 b - a +0 shortbow of flaming
 c - a +1 great sword of draining
 w - a +2 halberd of venom
 D - a +5 dagger of freezing
 F - a +0 war axe
 G - a +0 sling
 L - a +3 trident
 Z - a +0 bardiche
Missiles
 h - 185 stones
 n - 7 poisoned darts
 x - 4 atropa-tipped darts
 A - a curare-tipped dart
 M - 7 boomerangs (quivered)
 N - 3 javelins
 X - a throwing net
Armour
 i - +0 steam dragon scales (worn)
 o - a +1 cloak of poison resistance (worn)
Jewellery
 g - an amulet of magic regeneration
 l - a +4 ring of protection (left hand)
 t - a +4 ring of protection
 v - an amulet of faith
 y - a +6 ring of strength (right hand)
 z - a +6 ring of dexterity
 C - a ring of wizardry
 E - an amulet of guardian spirit
 H - a ring of protection from cold
 I - a ring of protection from fire
 S - an amulet of reflection (around neck)
 T - a ring of ice
Wands
 q - a wand of roots (22)
 r - a wand of flame (5)
 K - a wand of mindburst (16)
 O - a wand of paralysis (10)
Scrolls
 d - 3 scrolls of amnesia
 e - 3 scrolls of fog
 m - 2 scrolls of teleportation
 p - 3 scrolls of fear
 s - 4 scrolls of noise
 B - 3 scrolls of magic mapping
 Q - 4 scrolls of identify
 U - a scroll of blinking
Potions
 f - 8 potions of lignification
 j - a potion of flight
 k - a potion of haste
 u - 3 potions of curing
 J - a potion of resistance
 P - a potion of attraction
 R - a potion of invisibility
 W - 2 potions of ambrosia
 Y - 2 potions of might {unknown}
Miscellaneous
 V - a box of beasts (inert)


   Skills:
 + Level 10.7 Fighting
 + Level 0.8(5.1) Short Blades
 + Level 8.1(8.2) Long Blades
 * Level 8.0(9.4) Axes
 + Level 7.5(9.1) Polearms
 + Level 4.7 Ranged Weapons
 + Level 2.8 Throwing
 + Level 7.4 Dodging
 + Level 4.3 Stealth
 + Level 2.1 Shields
 + Level 6.3 Spellcasting
 + Level 2.2 Conjurations
 + Level 1.2 Summonings
 + Level 0.1 Translocations
 + Level 4.1 Fire Magic
 + Level 3.2 Invocations
 + Level 3.5 Evocations


You had 11 spell levels left.
You knew the following spells:

 Your Spells              Type           Power      Damage    Failure   Level
a - Foxfire               Conj/Fire      48%        2x1d6     4%          1
b - Searing Ray           Conj           18%        2d5       10%         2
c - Scorch                Fire           28%        2d6       4%          2
d - Dazzling Flash        Conj/Hex       14%        N/A       30%         3
e - Call Imp              Summ           14%        N/A       14%         2
f - Volatile Blastmotes   Fire/Tloc      18%        2d11      21%         3

Your spell library contained the following spells:

 Spells                   Type           Power      Damage    Failure   Level
 Magic Dart               Conj           36%        1d4       6%          1
 Apportation              Tloc           8%         N/A       16%         1
 Necrotise                Necr           16%        1d4       17%         1
 Inner Flame              Hex/Fire       9%         N/A       22%         3
 Ensorcelled Hibernation  Hex/Ice        8%         N/A       26%         2
 Passwall                 Tmut/Erth      3%         N/A       26%         2
 Mephitic Cloud           Conj/Pois/Air  6%         N/A       36%         3
 Flame Wave               Conj/Fire      12%        2d6       41%         4
 Swiftness                Air            4%         N/A       45%         3
 Vampiric Draining        Necr           4%         2d6       45%         3
 Iskenderun's Mystic Bla  Conj/Tloc      7%         2d4       69%         4
 Fulminant Prism          Conj/Hex       3%         3d5       71%         4
 Summon Ice Beast         Ice/Summ       5%         N/A       77%         4
 Fireball                 Conj/Fire      6%         3d5       77%         5
 Iskenderun's Battlesphe  Conj           9%         2d6       87%         5
 Summon Mana Viper        Hex/Summ       5%         N/A       98%         5
 Agony                    Necr           4%         N/A       99%         5
 Alistair's Intoxication  Tmut/Pois      2%         N/A       99%         5
 Yara's Violent Unravell  Hex/Tmut       2%         3d3       99%         5
 Conjure Ball Lightning   Conj/Air       3%         3x3d6     100%        6
 Plasma Beam              Fire/Air       4%         2x1d16    100%        6
 Starburst                Conj/Fire      6%         6d4       100%        6
 Summon Cactus Giant      Summ           3%         N/A       100%        6
 Enfeeble                 Hex            2%         N/A       100%        7
 Monstrous Menagerie      Summ           3%         N/A       100%        7
 Orb of Destruction       Conj           4%         9d5       100%        7


Dungeon Overview and Level Annotations

Branches:
Dungeon (11/15)            Temple (0/1) D:6            Lair (4/5) D:11
 Shoals (0/4) Lair:2        Snake (0/4) Lair:2
  Slime: Lair:4-5       Orc: D:9-12

Altars:
Ashenzari
Cheibriados
Dithmenos
Elyvilon
Fedhas
Hepliaklqana
Kikubaaqudgha
Nemelex Xobeh
Okawaru
Qazlal
Ru
Uskayaw
Vehumet
Wu Jian
Xom
Zin
The Shining One

Shops:
D:5 =   D:7 :


Innate Abilities, Weirdness & Mutations

You are too large for most types of armour.
You have tough skin. (AC +1)
You are somewhat resistant to further mutation.


Message History

The skyshark is heavily wounded.
The skyshark bites you! You block the skyshark's attack.
The skyshark closely misses you.
You can now pass through a line of other dancers.
You slash the skyshark! You burn the skyshark.
The skyshark is severely wounded.
The skyshark bites you but does no damage.
The skyshark tail-slaps you but does no damage.
The skyshark barely misses you. The skyshark closely misses you.
The skyshark tail-slaps you!
The skyshark tail-slaps you but does no damage.
You closely miss the skyshark.
The skyshark is severely wounded.
The skyshark bites you but does no damage.
The skyshark misses you. The skyshark barely misses you.
The skyshark bites you. The skyshark closely misses you.
The skyshark tail-slaps you.
You hit the skyshark but do no damage.
The skyshark is severely wounded.
The skyshark bites you!!
* * * LOW HITPOINT WARNING * * *
The skyshark closely misses you. x2
The skyshark bites you but does no damage.
The skyshark tail-slaps you!
* * * LOW HITPOINT WARNING * * *
The skyshark completely misses you.
You feel better. You block the skyshark's attack. The skyshark tail-slaps you!
* * * LOW HITPOINT WARNING * * *
The skyshark misses you. The skyshark bites you!
* * * LOW HITPOINT WARNING * * *
The skyshark barely misses you. x2
You hit the skyshark but do no damage.
The skyshark is severely wounded.
The skyshark bites you!
* * * LOW HITPOINT WARNING * * *
The skyshark closely misses you. The skyshark tail-slaps you!
* * * LOW HITPOINT WARNING * * *
You block the skyshark's attack. The skyshark misses you.
The skyshark tail-slaps you.
You die...

#.#....## # ####.##....#
.. #..#.......# ...
##..........# .... ##
#......._..## #
.....#.####..........# .
........#...........###.
......l@........".......
........................
##..#####....##..>......
#.. #...###P..####.. #
##....##..####..
#...#.#P..##....
.................
.................
###.....#.


You could see a skyshark (berserk).

Vanquished Creatures
  A hydra (Lair:2)
  A two-headed ogre (D:9)
  A centaur warrior (D:11)
  A manticore (D:11)
  A salamander (Lair:2)
  6 elephants
  Maurice (D:9)
  2 black mambas
  7 cane toads
  An unseen horror (D:11)
  A rime drake (Lair:2)
  2 komodo dragons
  A troll (D:11)
  2 hornets
  Prince Ribbit (D:8)
  5 blink frogs (Lair:3)
  6 slime creatures
  2 shadows (D:11)
  3 wyverns
  A water elemental (D:11)
  33 yaks
  4 fire bats (D:11)
  2 wraiths (D:10)
  Grum (Lair:1)
  A basilisk (D:11)
  Menkaure (D:7)
  A steam dragon (D:8)
  4 vampire mosquitoes
  A hell hound (D:11)
  6 water moccasins
  5 orc warriors
  3 ice beasts
  3 black bears
  11 wolves
  3 phantoms (D:6)
  9 centaurs
  Blork the orc (D:8)
  7 bullfrogs
  2 gnoll sergeants
  3 scorpions (D:5)
  18 wights
  3 killer bees (D:8)
  3 electric eels
  3 howler monkeys
  6 lava snakes
  7 hounds
  3 jellies
  6 orc priests
  A gnoll bouda (D:6)
  2 iguanas
  A sleepcap (D:5)
  8 orc wizards
  12 gnolls
  2 adders
  2 shadow imps (D:7)
  2 white imps (D:6)
  2 ufetubi
  2 dart slugs
  29 orcs
  7 ball pythons
  15 endoplasms
  10 goblins
  8 hobgoblins
  4 jackals (D:2)
  4 quokkas
  10 bats
  13 frilled lizards (D:1)
  28 kobolds
  3 rats
  3 fire vortices (D:11)
364 creatures vanquished.

Vanquished Creatures (collateral kills)
  A water moccasin (Lair:2)
  4 wolves (Lair:2)
  A gnoll sergeant (D:8)
  An electric eel (D:11)
  A foxfire (Lair:4)
8 creatures vanquished.

Vanquished Creatures (others)
  272 foxfires
  27 fungi
  132 plants
  5 toadstools (D:2)
436 creatures vanquished.

Grand Total: 808 creatures vanquished

Notes
Turn   | Place    | Note
-------+----------+-------------------------------------------
     0 | D:1      | promet the Ogre Wanderer began the quest for the Orb.
     0 | D:1      | promet set off with the following items: a +0 hand axe, a
                  | +2 robe, 7 boomerangs, a +0 dagger, a scroll of fog.
     0 | D:1      | Reached XP level 1. HP: 19/19 MP: 1/1
   407 | D:1      | Reached XP level 2. HP: 26/27 MP: 2/2
   820 | D:1      | Reached XP level 3. HP: 33/33 MP: 3/3
  1418 | D:2      | Noticed a great orb of eyes
  1425 | D:2      | Noticed a great orb of eyes
  1428 | D:2      | Found a faded altar of an unknown god.
  1430 | D:2      | Noticed a golden eye
  1430 | D:2      | Noticed an eye of devastation
  1981 | D:2      | Reached XP level 4. HP: 41/42 MP: 4/4
  2155 | D:2      | Reached skill level 2 in Fighting
  2359 | D:2      | Reached XP level 5. HP: 32/49 MP: 5/5
  3495 | D:3      | Found a shadowy altar of Dithmenos.
  3617 | D:3      | Found an ancient bone altar of Kikubaaqudgha.
  3711 | D:4      | Found a snail-covered altar of Cheibriados.
  3958 | D:4      | Found a blossoming altar of Fedhas.
  4112 | D:4      | Found a radiant altar of Vehumet.
  4112 | D:4      | Found a shimmering altar of Xom.
  4154 | D:4      | Noticed a +0 short sword
  4156 | D:4      | Noticed a +0 spear
  4156 | D:4      | Noticed a +0 dagger
  4159 | D:4      | Noticed a +0 dagger
  4160 | D:4      | Noticed a +0 falchion
  4160 | D:4      | Noticed a +0 spear
  4161 | D:4      | Noticed a +0 short sword
  4163 | D:4      | Noticed a +0 falchion
  4186 | D:4      | Found a hide-covered altar of Uskayaw.
  4214 | D:4      | Became a worshipper of Uskayaw the Reveller
  4288 | D:4      | Reached * piety under Uskayaw
  4296 | D:4      | Reached skill level 1 in Stealth
  4296 | D:4      | Reached XP level 6. HP: 43/59 MP: 6/6
  4479 | D:5      | Entered Level 5 of the Dungeon
  4534 | D:5      | Reached ** piety under Uskayaw
  4584 | D:5      | Found an iron altar of Okawaru.
  4591 | D:5      | Found a white marble altar of Elyvilon.
  4731 | D:5      | Reached skill level 3 in Fighting
  4731 | D:5      | Reached skill level 5 in Axes
  5322 | D:5      | Noticed an ice beast
  5334 | D:5      | Reached XP level 7. HP: 67/67 MP: 7/7
  5354 | D:5      | Reached skill level 1 in Polearms
  5600 | D:5      | Found Sesofom's Jewellery Emporium.
  5917 | D:5      | Reached skill level 4 in Fighting
  5973 | D:5      | Reached skill level 1 in Ranged Weapons
  6307 | D:5      | Reached XP level 8. HP: 73/79 MP: 8/8
  6426 | D:5      | Learned a level 1 spell: Foxfire
  6675 | D:5      | Found a broken altar of Ashenzari.
  6763 | D:6      | Found an ornate altar of the Wu Jian Council.
  6931 | D:6      | Reached *** piety under Uskayaw
  6944 | D:6      | Reached **** piety under Uskayaw
  7582 | D:6      | Reached skill level 5 in Fighting
  7582 | D:6      | Reached skill level 1 in Spellcasting
  7789 | D:6      | Reached skill level 1 in Conjurations
  7909 | D:6      | Found a staircase to the Ecumenical Temple.
  8534 | D:6      | Reached skill level 5 in Dodging
  8638 | D:6      | Reached skill level 1 in Long Blades
  9180 | D:6      | Reached XP level 9. HP: 47/88 MP: 11/11
 10151 | D:7      | Learned a level 2 spell: Searing Ray
 10154 | D:7      | Learned a level 2 spell: Scorch
 10158 | D:7      | Learned a level 3 spell: Dazzling Flash
 10976 | D:7      | Noticed Menkaure
 10981 | D:7      | Killed Menkaure
 10982 | D:7      | Reached skill level 6 in Fighting
 11325 | D:7      | Identified a scroll of acquirement
 11325 | D:7      | Acquired 877 gold pieces
 11449 | D:7      | Found a glowing silver altar of Zin.
 11450 | D:7      | Noticed an angel
 11499 | D:7      | Found a hazy altar of Hepliaklqana.
 11912 | D:7      | Reached skill level 1 in Fire Magic
 12161 | D:7      | Found Zatemey's Tremendous Tomes.
 12921 | D:7      | Gained mutation: You are somewhat resistant to further
                  | mutation. [potion of mutation]
 13663 | D:8      | Noticed Blork the orc
 13679 | D:8      | Killed Blork the orc
 13790 | D:8      | Found a stormy altar of Qazlal.
 13850 | D:8      | Noticed a hornet
 13873 | D:8      | Killed a hornet
 13874 | D:8      | Reached skill level 5 in Polearms
 14086 | D:8      | Reached XP level 10. HP: 73/100 MP: 13/13
 14566 | D:8      | Noticed Prince Ribbit
 14613 | D:8      | Killed Prince Ribbit
 14614 | D:8      | Reached skill level 5 in Long Blades
 15367 | D:8      | Reached skill level 7 in Fighting
 16737 | D:9      | Noticed Maurice
 18670 | D:9      | Killed Maurice
 18671 | D:9      | Reached skill level 8 in Fighting
 19425 | D:9      | Noticed a two-headed ogre
 19442 | D:9      | Killed a two-headed ogre
 19443 | D:9      | Reached XP level 11. HP: 69/111 MP: 9/16
 19712 | D:10     | Entered Level 10 of the Dungeon
 20586 | D:10     | Found a glowing golden altar of the Shining One.
 21140 | D:10     | Reached ***** piety under Uskayaw
 22415 | D:11     | Found a staircase to the Lair.
 22545 | D:5      | Bought a +6 ring of strength for 432 gold pieces
 22545 | D:5      | Bought an amulet of reflection for 360 gold pieces
 22949 | D:11     | Learned a level 2 spell: Call Imp
 23204 | D:11     | Noticed a manticore
 23575 | D:11     | Killed a manticore
 24268 | D:11     | Noticed a centaur warrior
 24275 | D:11     | Killed a centaur warrior
 25402 | D:11     | Reached XP level 12. HP: 83/122 MP: 19/19
 25807 | Lair:1   | Entered Level 1 of the Lair of Beasts
 25815 | D:11     | Reached skill level 9 in Fighting
 25823 | Lair:1   | Reached skill level 1 in Shields
 26730 | Lair:1   | Reached skill level 5 in Spellcasting
 28457 | Lair:1   | Noticed Grum
 28539 | Lair:1   | Killed Grum
 29569 | Lair:2   | Found a staircase to the Shoals.
 29662 | Lair:2   | Found a sacrificial altar of Ru.
 29882 | Lair:2   | Learned a level 3 spell: Volatile Blastmotes
 30060 | Lair:2   | Noticed a five-headed hydra
 30070 | Lair:2   | Killed a five-headed hydra
 30071 | Lair:2   | Reached skill level 1 in Summonings
 30354 | Lair:2   | Reached skill level 10 in Fighting
 32318 | Lair:2   | Found a staircase to the Snake Pit.
 34056 | Lair:2   | Upgraded the game from 0.30-a0-1018-g25214051b3 to
                  | 0.30-a0-1035-g38d5fb2972
 34111 | Lair:3   | Reached XP level 13. HP: 89/135 MP: 19/21
 34960 | Lair:3   | Found a blossoming altar of Fedhas.
 36018 | Lair:4   | Found a sparkling altar of Nemelex Xobeh.
 36052 | Lair:4   | HP: 5/135 [skyshark (12)]
 36052 | Lair:4   | Slain by a skyshark

Illustrated notes

Levels and vault maps discovered:
D:1:      dpeg_arrival_fog, layout_basic, minmay_lizard_pond
D:2:      cheibrodos_fertilizer, layout_loops_ring,
          hellmonk_ecumenical_altar_watching_god
D:3:      layout_loops_ring, lemuel_coloured_pillars_altar,
          grunt_dithmenos_smoke
D:4:      layout_rooms, nicolae_overflow_hidden_temple,
          gammafunk_temple_overflow_pools, mainiacjoe_overflow_boulevard,
          nicolae_uskayaw_en_pointe, kennysheep_boxes
D:5:      layout_cave_pods, ashenzari_conservatory_becter,
          mainiacjoe_overflow_small_starburst, okawaru_ov_weapons_minmay,
          serial_shops, nicolae_shop_trees, guppyfry_early_orc_mine
D:6:      layout_basic, nicolae_wu_jian_wuxing_cycle, temple_statues
D:7:      layout_rooms, zin_angel, mainiacjoe_overflow_paths,
          nicolae_shop_i_like_big_books, chequers_arboretum,
          roderic_serpentine_path, uniq_menkaure
D:8:      kennysheep_kobold_camp, layout_basic, lemuel_tele_altar,
          sword_in_stone, uniq_prince_ribbit1
D:9:      layout_big_octagon, minmay_misc_feat_doors, uniq_maurice
D:10:     layout_loops_ring, mainiacjoe_overflow_cross_hatched
D:11:     layout_long_grid, erik_lair_island, hangedman_incinerator
Lair:1:   layout_regular_city, uniq_grum
Lair:2:   layout_gridlike, minmay_shoals_entry_centaurs,
          nicolae_snake_entry_warm_welcome, basic_altar, grunt_megastairs_4
Lair:3:   layout_regular_city, basic_altar
Lair:4:   layout_small_grid, enter_volcano_1, serial_bayou, serial_bayou_pond_c,
          serial_bayou_pond_c, serial_bayou_ford_a, serial_bayou_pond_c,
          serial_bayou_pond_b, serial_bayou_pond_c, basic_altar, minivault_25,
          lemuel_fruit_tree, uniq_sonja

Skill      XL: |  1  2  3  4  5  6  7  8  9 10 11 12 13 |
---------------+----------------------------------------+-----
Dodging        | 3 4 5 6 7 |  7.4
Axes           | 3 4 5 6 7 8 |  8.0
Fighting       | 2 3 4 5 6 8 10 | 10.7
Stealth        | 1 2 3 4 |  4.3
Polearms       | 2 4 5 6 7 |  7.5
Ranged Weapons | 1 2 3 4 |  4.7
Spellcasting   | 1 2 3 4 5 6 |  6.3
Conjurations   | 1 2 |  2.2
Long Blades    | 2 4 6 7 8 |  8.1
Fire Magic     | 1 2 3 4 |  4.1
Invocations    | 3 |  3.2
Shields        | 2 |  2.1
Evocations     | 3 |  3.5
Summonings     | 1 |  1.2
Short Blades   | |  0.8
Throwing       | |  2.8
Translocations | |  0.1

Action                     |  1- 3 |  4- 6 |  7- 9 | 10-12 | 13-15 || total
---------------------------+-------+-------+-------+-------+-------++-------
  Melee: Hand axe          |   150 |       |       |       |       ||   150
         Punch             |     2 |       |       |     1 |       ||     3
         War axe           |    16 |   164 |       |     4 |       ||   184
         Halberd           |       |     6 |   193 |   258 |    21 ||   478
         Great sword       |       |       |   138 |   216 |     5 ||   359
         Dagger            |       |       |     9 |    25 |       ||    34
         Battleaxe         |       |       |       |    63 |    57 ||   120
         Bardiche          |       |       |       |     7 |       ||     7
         Trident           |       |       |       |     2 |       ||     2
   Fire: Sling             |       |     4 |       |       |       ||     4
         Shortbow          |       |       |    36 |   165 |     4 ||   205
  Throw: Boomerang         |     2 |     7 |     4 |    15 |     7 ||    35
         Dart              |       |       |     1 |     1 |       ||     2
         Javelin           |       |       |       |     2 |       ||     2
   Cast: Foxfire           |       |       |    26 |   129 |     8 ||   163
         Scorch            |       |       |     8 |    35 |     6 ||    49
         Searing Ray       |       |       |     4 |    11 |     1 ||    16
         Dazzling Flash    |       |       |       |     9 |     1 ||    10
         Call Imp          |       |       |       |    24 |     5 ||    29
         Volatile Blastmot |       |       |       |     3 |       ||     3
 Invoke: Stomp             |       |       |       |     2 |       ||     2
  Evoke: Wand              |       |       |     1 |     1 |       ||     2
         Box of beasts     |       |       |       |     1 |       ||     1
    Use: Scroll            |     3 |     4 |     8 |     9 |     1 ||    25
         Potion            |       |       |     7 |     5 |     1 ||    13
   Stab: Sleeping          |     2 |     3 |     1 |       |       ||     6
         Paralysed         |       |       |     6 |    21 |     5 ||    32
         Distracted        |       |       |     1 |     1 |       ||     2
         Invisible         |       |       |       |     1 |       ||     1
 Armour: Robe              |    79 |   103 |   164 |    14 |       ||   360
         Steam dragon scal |       |       |       |   262 |    30 ||   292
  Dodge: Dodged            |    89 |   110 |   245 |   476 |    60 ||   980
  Block: Other             |       |       |       |    93 |    18 ||   111
         Reflection        |       |       |       |     4 |       ||     4

Table legend: (Time is in decaauts)
 A = Elapsed time spent in this place.
 B = Non-inter-level travel time spent in this place.
 C = Inter-level travel time spent in this place.
 D = Time resting spent in this place.
 E = Time spent auto-exploring this place.
 F = Levels seen in this place.
 G = Mean time per level.
                   A        B        C        D        E       F      G
               +--------+--------+--------+--------+--------+-----+--------+
         Total |  36448 |  34922 |   1526 |  18302 |   4199 |  15 | 2429.9 |
       Dungeon |  26860 |  25682 |   1178 |  13652 |   3337 |  11 | 2441.8 |
          Lair |   9587 |   9239 |    348 |   4649 |    862 |   4 | 2396.8 |
               +--------+--------+--------+--------+--------+-----+--------+

Top non-repeatable levels by time:
     D:8: 4703 daAuts
    D:11: 4379 daAuts
  Lair:1: 4154 daAuts
  Lair:2: 3708 daAuts
     D:6: 3523 daAuts
     D:7: 3422 daAuts
     D:5: 2002 daAuts
    D:10: 1958 daAuts
     D:9: 1946 daAuts
     D:2: 1483 daAuts
     D:1: 1432 daAuts
     D:4: 1204 daAuts
  Lair:3: 1157 daAuts
     D:3: 805 daAuts
  Lair:4: 566 daAuts
